 Dungeon Crawl Stone Soup version 0.31-a0-986-g5e6e4ef867 (webtiles) character file.

Game seed: 13406437554715669490

4130 Persephone the Severer (level 10, 0/61 HPs)
             Began as a Gargoyle Fighter on Nov 9, 2023.
             Was a Priest of Okawaru.
             Slain by Prince Ribbit (8 damage)
             ... in a bailey.
             The game lasted 00:09:52 (6585 turns).

Persephone the Severer (Gargoyle Fighter)           Turns: 6585, Time: 00:09:53

Health: 0/61       AC: 16    Str: 24    XL:     10   Next: 27%
Magic:  10/10      EV:  9    Int: 12    God:    Okawaru [***...]
Gold:   330        SH:  5    Dex:  8    Spells: 9/9 levels left

rFire   + . .        d - +0 broad axe
rCold   + . .        c - +1 buckler
rNeg    + . .        b - +0 scale mail
rPois   ∞            G - +0 helmet
rElec   +            m - scarf {rC+ rF+}
rCorr   .            B - +0 pair of gloves
SInv    .            (no boots)
Will    .....        (no amulet) Stlth
                     (no ring)
HPRegen 0.30/turn    (no ring)
MPRegen 0.12/turn

%: no passive effects
@: on berserk cooldown
A: sickness immunity, AC +7, negative energy resistance 1, electricity
resistance, torment resistance 1, petrification resistance, clever 1, robust 1,
subdued magic 1, inability to drink after injury 1
a: Renounce Religion, Heroism


You were in a bailey.
You worshipped Okawaru.
Okawaru was most pleased with you.
You visited 1 branch of the dungeon, and saw 8 of its levels.
You also visited: Bailey.

You collected 330 gold pieces.

Inventory:

Hand Weapons
 a - a +0 war axe
 d - a +0 broad axe (weapon)
 j - a +2 heavy hand axe
Missiles
 w - 3 javelins (quivered)
Armour
 b - a +0 scale mail (worn)
 c - a +1 buckler (worn)
 i - a +1 pair of gloves
 m - a scarf of resistance (worn)
 B - a +0 pair of gloves (worn)
 G - a +0 helmet (worn)
Wands
 s - a wand of charming (25)
 C - a wand of digging (4)
Scrolls
 e - 7 scrolls of identify
 f - 2 scrolls of silence
 g - 2 scrolls of fear
 h - a scroll of revelation
 k - a scroll of amnesia
 l - 2 scrolls of enchant weapon {unknown}
 q - a scroll of enchant armour
 r - 2 scrolls of blinking
 t - a scroll of torment
 v - a scroll of acquirement
 F - 4 scrolls of teleportation
Potions
 n - a potion of haste {unknown}
 p - 3 potions of brilliance
 z - a potion of berserk rage
 A - 6 potions of degeneration
 E - 3 potions of mutation


   Skills:
 - Level 3.2 Fighting
 + Level 15.7 Axes
 - Level 3.2 Armour
 - Level 3.2 Shields


You had 9 spell levels left.
You didn't know any spells.
Your spell library contained the following spells:

 Spells                   Type           Power      Damage    Failure   Level
 Magic Dart               Conj           0%         1d3       63%         1
 Sting                    Tmut/Pois      0%         1d3       63%         1
 Poisonous Vapours        Pois/Air       0%         N/A       78%         2
 Searing Ray              Conj           0%         2d4       78%         2
 Gell's Gravitas          Tloc           0%         N/A       95%         3
 Teleport Other           Tloc           0%         N/A       95%         3
 Fulminant Prism          Conj/Hex       0%         3d5       100%        4
 Olgreb's Toxic Radiance  Pois           0%         N/A       100%        4
 Dispersal                Tloc           0%         N/A       100%        6


Dungeon Overview and Level Annotations

Branches:
Dungeon (8/15)             Temple (0/1) D:6          Bailey (1/1)
   Lair: D:8-11

Altars:
Elyvilon
Fedhas
Gozag
Hepliaklqana
Makhleb
Nemelex Xobeh
Okawaru
Ru
Sif Muna
Trog
Uskayaw
Vehumet
Wu Jian
Xom
Zin
The Shining One

Shops:
D:5 *   D:6 (

Annotations:
D:6 3 runed translucent doors, jestert79's ghost, novice DsSh Bailey Prince Ribbit


Innate Abilities, Weirdness & Mutations

You are immune to sickness and miasma.
Your stone body is resilient. (AC +7)
You are immune to poison.
You resist negative energy. (rN+)
You are resistant to electric shocks. (rElec)
You are resistant to unholy torment.
You are immune to petrification.
Your mind is acute. (Int +4, Str/Dex -1)
You are robust. (+10% HP)
Your spells are a little easier to cast, but a little less powerful.
You occasionally lose the ability to drink potions when taking damage.


Message History

It was a potion of enlightenment.
You feel very buoyant.
You fly up into the air.
It was a potion of cancellation.
Your magical effects are unravelling.
You feel magically purged.
You feel yourself speed up.
You float gracefully downwards.
You feel a little less mighty now.
You feel like a meek peon again.
Your enlightenment fades.
Prince Ribbit blinks!
It was a potion of heal wounds.
You feel much better.
You start resting.
Prince Ribbit is nearby!
Prince Ribbit blinks!
Prince Ribbit hops awkwardly around.
Prince Ribbit blinks!
r - 2 scrolls of blinking (gained 1)
There are no items here.
E - 3 potions of mutation (gained 2) Prince Ribbit blinks!
g - 2 scrolls of fear (gained 1)
n - a murky silvery potion You see here a puce potion.
Prince Ribbit blinks!
You see here 9 gold pieces.
You slash Prince Ribbit!
Prince Ribbit is almost dead.
Prince Ribbit hits you but does no damage.
You completely miss Prince Ribbit.
Prince Ribbit is almost dead.
Prince Ribbit hits you!
You miss Prince Ribbit.
Prince Ribbit is almost dead.
You block Prince Ribbit's attack. Prince Ribbit hits you!
* * * LOW HITPOINT WARNING * * *
You barely miss Prince Ribbit.
Prince Ribbit is almost dead.
Prince Ribbit hits you!
You die...

##### ##!..##
#)@F..# #.....#
#.....# #..∩..#
###.....###
##~##...##≈##
##~~~##'##~~≈##
#~~~......~~~≈#
#....~.~.F.~~≈##


You could see Prince Ribbit.

Vanquished Creatures
  A vault guard (Bailey)
  Joseph (D:8)
  Maggie (D:6)
  6 humans (Bailey)
  A wyvern (D:7)
  A water moccasin (D:7)
  A black bear (D:3)
  A centaur (D:5)
  A phantom (D:6)
  A kobold brigand (D:7)
  6 bullfrogs
  4 scorpions
  4 killer bees (D:8)
  3 howler monkeys (D:8)
  2 hounds (D:6)
  2 jellies
  2 orc priests
  An iguana (D:6)
  A sleepcap (D:7)
  Ijyb (D:5)
  4 orc wizards
  5 gnolls
  4 adders
  5 white imps
  2 ufetubi (D:6)
  3 worms (D:2)
  3 dart slugs
  27 orcs
  8 ball pythons
  6 endoplasms
  3 giant cockroaches
  13 goblins
  9 hobgoblins
  7 jackals (D:2)
  10 kobolds
  5 quokkas
  3 bats
  6 frilled lizards
  7 rats
171 creatures vanquished.

Vanquished Creatures (others)
  An orc (D:6)
1 creature vanquished.

Grand Total: 172 creatures vanquished

Notes
Turn   | Place    | Note
-------+----------+-------------------------------------------
     0 | D:1      | Persephone the Gargoyle Fighter began the quest for the
                  | Orb.
     0 | D:1      | Reached XP level 1. HP: 14/14 MP: 1/1
    52 | D:1      | Reached skill level 2 in Axes
   144 | D:1      | Reached XP level 2. HP: 19/19 MP: 2/2
   483 | D:1      | Reached skill level 3 in Axes
   528 | D:1      | Reached XP level 3. HP: 23/23 MP: 3/3
   992 | D:2      | Found a faded altar of an unknown god.
  1382 | D:2      | Reached XP level 4. HP: 28/28 MP: 4/4
  1534 | D:2      | Reached skill level 4 in Axes
  1824 | D:3      | Noticed a black bear
  1832 | D:3      | Killed a black bear
  1833 | D:3      | Reached skill level 5 in Axes
  1833 | D:3      | Reached XP level 5. HP: 16/32 MP: 5/5
  2324 | D:3      | Identified a scroll of acquirement
  2324 | D:3      | Acquired a manual of Axes
  2390 | D:4      | Reached XP level 6. HP: 33/37 MP: 6/6
  2398 | D:4      | Reached skill level 6 in Axes
  2564 | D:4      | Reached skill level 7 in Axes
  2982 | D:5      | Entered Level 5 of the Dungeon
  3171 | D:5      | Reached skill level 8 in Axes
  3171 | D:5      | Reached XP level 7. HP: 21/41 MP: 7/7
  3398 | D:5      | Found Deghoeg's Gadget Gallery.
  3453 | D:5      | Found an opulent altar of Gozag.
  3556 | D:5      | Found a blossoming altar of Fedhas.
  3558 | D:5      | Found a glowing golden altar of the Shining One.
  3558 | D:5      | Found a radiant altar of Vehumet.
  3560 | D:5      | Found a burning altar of Makhleb.
  3562 | D:5      | Found an ornate altar of the Wu Jian Council.
  3562 | D:5      | Found a white marble altar of Elyvilon.
  3564 | D:5      | Found a hide-covered altar of Uskayaw.
  3566 | D:5      | Found a glowing silver altar of Zin.
  3566 | D:5      | Found a hazy altar of Hepliaklqana.
  3568 | D:5      | Found a sacrificial altar of Ru.
  3571 | D:5      | Found an iron altar of Okawaru.
  3571 | D:5      | Found a shimmering blue altar of Sif Muna.
  3573 | D:5      | Found a shimmering altar of Xom.
  3604 | D:5      | Became a worshipper of Warmaster Okawaru
  3647 | D:5      | Noticed Ijyb
  3653 | D:5      | Killed Ijyb
  3754 | D:6      | Reached skill level 9 in Axes
  3824 | D:6      | Found a bloodstained altar of Trog.
  3963 | D:6      | Found a runed translucent gate.
  3963 | D:6      | Found a runed translucent gate.
  3963 | D:6      | Found a runed translucent gate.
  3963 | D:6      | Noticed jestert79's ghost (novice DsSh)
  4019 | D:6      | Reached skill level 10 in Axes
  4058 | D:6      | Reached XP level 8. HP: 27/46 MP: 8/8
  4170 | D:6      | Reached * piety under Okawaru
  4392 | D:6      | Found a staircase to the Ecumenical Temple.
  4392 | D:6      | Found Fepreun's Antique Weapon Shoppe.
  4432 | D:6      | Reached skill level 11 in Axes
  4462 | D:6      | Noticed Maggie
  4479 | D:6      | Killed Maggie
  4480 | D:6      | Reached skill level 12 in Axes
  5042 | D:7      | Noticed a wyvern
  5051 | D:7      | Killed a wyvern
  5051 | D:7      | Reached ** piety under Okawaru
  5182 | D:7      | Found a sparkling altar of Nemelex Xobeh.
  5201 | D:7      | Reached skill level 13 in Axes
  5282 | D:7      | Reached XP level 9. HP: 51/51 MP: 9/9
  5918 | D:8      | Noticed Joseph
  6076 | D:8      | Killed Joseph
  6077 | D:8      | Reached skill level 14 in Axes
  6208 | D:8      | Found a flagged portal.
  6218 | D:8      | Reached *** piety under Okawaru
  6221 | Bailey   | Entered a bailey
  6280 | Bailey   | Reached skill level 15 in Axes
  6476 | Bailey   | Reached XP level 10. HP: 54/56 MP: 10/10
  6503 | Bailey   | Noticed Prince Ribbit
  6521 | Bailey   | Noticed a vault guard
  6536 | Bailey   | Killed a vault guard
  6536 | Bailey   | Reached **** piety under Okawaru
  6557 | Bailey   | Gained mutation: You are robust. (+10% HP) [potion of
                  | mutation]
  6557 | Bailey   | Gained mutation: Your spells are a little easier to cast,
                  | but a little less powerful. [potion of mutation]
  6557 | Bailey   | Gained mutation: You occasionally lose the ability to drink
                  | potions when taking damage. [potion of mutation]
  6557 | Bailey   | Gained mutation: Your mind is acute. (Int +4, Str/Dex -1)
                  | [potion of mutation]
  6585 | Bailey   | Slain by Prince Ribbit

Illustrated notes

Levels and vault maps discovered:
D:1:      ldierk_walled_garden_2, layout_loops_ring,
          chequers_serial_rivers_marsh, chequers_serial_rivers_micro_b,
          hangedman_abyss_or_decor_stabs, nrook_campfire
D:2:      layout_basic, nicolae_ecumenical_oubliette, minmay_statues_item
D:3:      layout_basic
D:4:      layout_cave_pools
D:5:      layout_loops_cross, nicolae_gozag_seed_capital,
          nicolae_overflows_in_rows, nicolae_shop_gadgets, uniq_ijyb
D:6:      layout_basic, mainiacjoe_overflow_tiny_flanked, temple_statues,
          serial_shops, shop, gammafunk_ghost_necromancy, st_stairs_8,
          uniq_maggie
D:7:      layout_loops_ring, lemuel_doored_altar
D:8:      old_forge, layout_layer_cave, enter_bailey_7, minivault_26,
          uniq_joseph
Bailey:   bailey_axe_froggy_fort_hellmonk, bailey

Skill      XL: |  1  2  3  4  5  6  7  8  9 |
---------------+----------------------------+-----
Axes           | 2 3 5 8 10 13 15 | 15.7
Fighting       | |  3.2
Armour         | |  3.2
Shields        | |  3.2

Action                     |  1- 3 |  4- 6 |  7- 9 | 10-12 || total
---------------------------+-------+-------+-------+-------++-------
  Melee: War axe           |    97 |   138 |   223 |       ||   458
         Hand axe          |       |       |    32 |    22 ||    54
         Broad axe         |       |       |       |    15 ||    15
  Throw: Boomerang         |       |    72 |     3 |       ||    75
         Javelin           |       |       |     2 |       ||     2
 Invoke: Heroism           |       |       |       |     2 ||     2
    Use: Potion            |       |     2 |     1 |     6 ||     9
         Scroll            |       |    14 |     1 |       ||    15
 Armour: Scale mail        |    54 |   125 |   199 |    23 ||   401
  Dodge: Dodged            |    48 |    79 |   109 |    10 ||   246
  Block: Buckler           |    30 |    41 |    51 |     7 ||   129

Table legend: (Time is in decaauts)
 A = Elapsed time spent in this place.
 B = Non-inter-level travel time spent in this place.
 C = Inter-level travel time spent in this place.
 D = Time resting spent in this place.
 E = Time spent auto-exploring this place.
 F = Levels seen in this place.
 G = Mean time per level.
                   A        B        C        D        E       F      G
               +--------+--------+--------+--------+--------+-----+--------+
         Total |   6676 |   6181 |    495 |      8 |   4679 |   9 |  741.8 |
       Dungeon |   6312 |   5817 |    495 |      5 |   4679 |   8 |  789.0 |
        Bailey |    363 |    363 |      0 |      3 |      0 |   1 |  363.0 |
               +--------+--------+--------+--------+--------+-----+--------+

Top non-repeatable levels by time:
     D:6: 1182 daAuts
     D:7: 1037 daAuts
     D:1: 1036 daAuts
     D:5: 770 daAuts
     D:2: 766 daAuts
     D:3: 650 daAuts
     D:4: 618 daAuts
  Bailey: 363 daAuts
     D:8: 250 daAuts
